 Dungeon Crawl Stone Soup version 0.30.0-29-ga12c61a403 (webtiles) character file.

Game seed: 12627458619188332108

302 cheesebisquit the Chopper (level 6, 0/52 HPs)
             Began as a Hill Orc Fighter on June 23, 2023.
             Was an Initiate of Kikubaaqudgha.
             Slain by an ogre
             ... wielding a +0 giant club
              (20 damage)
             ... on level 4 of the Dungeon.
             The game lasted 00:07:11 (3233 turns).

cheesebisquit the Chopper (Hill Orc Fighter)        Turns: 3233, Time: 00:07:11

Health: 0/52       AC:  7    Str: 19    XL:     6   Next: 37%
Magic:  8/8        EV:  9    Int: 10    God:    Kikubaaqudgha [......]
Gold:   179        SH:  4    Dex: 10    Spells: 8/8 levels left

rFire   . . .        a - +0 war axe
rCold   . . .        c - +0 buckler
rNeg    . . .        b - +0 scale mail
rPois   .            (no helmet)
rElec   .            (no cloak)
rCorr   .            (no gloves)
SInv    .            (no boots)
Will    .....        u - amulet of the acrobat Stlth
                     (no ring)
HPRegen 0.28/turn    (no ring)
MPRegen 0.11/turn

%: acrobat
@: mighty
A: no striking features
a: Renounce Religion


You were on level 4 of the Dungeon.
You worshipped Kikubaaqudgha.
Kikubaaqudgha was noncommittal.
You visited 1 branch of the dungeon, and saw 4 of its levels.

You collected 179 gold pieces.

Inventory:

Hand Weapons
 a - a +0 war axe (weapon)
Missiles
 t - 2 poisoned darts (quivered)
Armour
 b - a +0 scale mail (worn)
 c - a +0 buckler (worn)
 i - a +0 leather armour
 j - a +0 ring mail
Jewellery
 u - an amulet of the acrobat (around neck)
Scrolls
 f - 3 scrolls of teleportation {unknown}
 g - a scroll of vulnerability {unknown}
 k - a scroll of blinking {unknown}
 l - 4 scrolls of butterflies {unknown}
 m - a scroll of fog {unknown}
 o - a scroll of noise {unknown}
 p - 2 scrolls of identify {unknown}
Potions
 e - 2 potions of lignification {unknown}
 h - 2 potions of curing {unknown}
 n - 2 potions of attraction {unknown}
 q - a potion of magic {unknown}
 r - 2 potions of cancellation {unknown}
 s - 2 potions of brilliance {unknown}


   Skills:
 - Level 4.0 Fighting
 - Level 5.0 Axes
 - Level 4.0 Armour
 - Level 4.0 Shields
 + Level 1.8 Spellcasting
 - Level 3.0 Necromancy


You had 8 spell levels left.
You didn't know any spells.
Your spell library contained the following spells:

 Spells                   Type           Power      Damage    Failure   Level
 Kiss of Death            Conj/Necr      12%        2d6       54%         1
 Confusing Touch          Hex            0%         N/A       98%         3
 Dispel Undead            Necr           6%         3d8       98%         4


Dungeon Overview and Level Annotations

Branches:
Dungeon (4/15)
 Temple: D:4-7

Altars:
Kikubaaqudgha
Xom


Message History

Kikubaaqudgha accepts your kill.
An endoplasm comes into view.
Found a short sword.
The endoplasm quivers.
Found a stone staircase leading down.
You slash the endoplasm!
You kill the endoplasm!
Kikubaaqudgha accepts your kill.
No target in view!
An adder comes into view.
The adder hisses angrily.
The adder closely misses you.
You closely miss the adder. The adder bites you but does no damage.
You barely miss the adder. The adder closely misses you. The adder misses you.
You slash the adder!
You kill the adder!
Kikubaaqudgha accepts your kill.
No target in view!
An ogre comes into view. It is wielding a +0 giant club.
The ogre shouts!
You hit the ogre but do no damage. The ogre closely misses you.
You slash the ogre!
The ogre is moderately wounded.
The ogre misses you.
You barely miss the ogre.
The ogre is moderately wounded.
The ogre hits you with a +0 giant club!!
Ouch! That really hurt!
You hit the ogre.
The ogre is heavily wounded.
You block the ogre's attack.
You feel very mighty all of a sudden.
You hit the ogre.
The ogre is severely wounded.
You block the ogre's attack.
You hit the ogre.
The ogre is almost dead.
The ogre hits you with a +0 giant club!!
You die...
Kikubaaqudgha rasps: "You have failed me!
Welcome... death!"

............#
####.##..#+#.#
.....#....#.###.# .
#.#.#.............
.<.......#.##..##.
#.####.#.†......)....
#..................#.
#...!..##.......:...
....#.#@#...##.....##
.# ...#O#.#.# .....#
#... ..#.#.. .!.....
#. .....#..........
#. ....>.+..........
. ....### .... #....
#....


You could see an ogre.

Vanquished Creatures
  Sigmund (D:3)
  A sleepcap (D:4)
  5 adders
  A worm (D:2)
  2 dart slugs
  3 orcs (D:3)
  5 ball pythons
  6 endoplasms
  5 hobgoblins
  4 jackals (D:1)
  4 kobolds
  2 quokkas
  7 bats
  3 frilled lizards
  6 goblins
  5 rats
60 creatures vanquished.

Notes
Turn   | Place    | Note
-------+----------+-------------------------------------------
     0 | D:1      | cheesebisquit the Hill Orc Fighter began the quest for the
                  | Orb.
     0 | D:1      | Reached XP level 1. HP: 19/19 MP: 1/1
    44 | D:1      | Reached skill level 3 in Axes
   103 | D:1      | Reached XP level 2. HP: 25/26 MP: 2/2
   168 | D:1      | Reached skill level 4 in Axes
   690 | D:1      | Found a faded altar of an unknown god.
   805 | D:2      | Reached XP level 3. HP: 32/33 MP: 3/3
  1084 | D:2      | Found an ancient bone altar of Kikubaaqudgha.
  1094 | D:2      | Became a worshipper of Kikubaaqudgha
  1361 | D:3      | Noticed Sigmund
  1376 | D:3      | Killed Sigmund
  1377 | D:3      | Reached skill level 1 in Necromancy
  1377 | D:3      | Reached XP level 4. HP: 16/40 MP: 4/4
  1377 | D:3      | Reached XP level 5. HP: 19/46 MP: 5/5
  1483 | D:3      | Found an ancient bone altar of Kikubaaqudgha.
  1502 | D:3      | Reached skill level 5 in Axes
  1607 | D:3      | Reached XP level 6. HP: 52/52 MP: 6/6
  1791 | D:3      | Reached skill level 1 in Spellcasting
  1940 | D:3      | Found a shimmering altar of Xom.
  3233 | D:4      | Slain by an ogre

Illustrated notes

Levels and vault maps discovered:
D:1:      minmay_arrival_cross, layout_basic,
          dreamdust_ecumenical_altar_angels_and_demons
D:2:      layout_rooms, basic_altar
D:3:      layout_basic, mainiacjoe_overflow_alcove_4,
          mainiacjoe_overflow_brackets, uniq_sigmund
D:4:      layout_basic, mainiacjoe_overflow_24_doors, ebering_ghost_rock_garden,
          uniq_ijyb

Skill      XL: |  1  2  3  4  5  6 |
---------------+-------------------+-----
Axes           | 3 4 5 |  5.0
Fighting       | 4 |  4.0
Armour         | 4 |  4.0
Necromancy     | 3 |  3.0
Shields        | 4 |  4.0
Spellcasting   | 1 |  1.8

Action                     |  1- 3 |  4- 6 || total
---------------------------+-------+-------++-------
  Melee: War axe           |    96 |    94 ||   190
    Use: Potion            |     1 |     1 ||     2
 Armour: Scale mail        |    49 |    37 ||    86
  Dodge: Dodged            |    47 |    45 ||    92
  Block: Buckler           |    19 |    28 ||    47
